cohdb
Replays
Latest Replays
All Replays
Popular Replays
Top Player Replays
Match Explorer
How It Works
Community
CoH3 Stats
Reddit
Sign in to upload your games and track your stats! →
Sign in with Steam
Match 41222631
Unlisted
Match 41222631
Overview
Messages
Build Orders
End
Royal Engineer Section
Construct Section Command Post
Selects Canadian Shock Battlegroup
Infantry Section
Infantry Section
Infantry Section
Construct Field Infirmary
Selects Attacking Spirit
Grenade Package
Selects Canadian Shock Section
Construct Platoon Command Post
Selects Incendiary Munitions
Humber Armored Car
Canadian Shock Section
Selects Pyrotechnics
Unlock M3 Stuart Light Tanks
Infantry Training
M3 Stuart Light Tank
MADAO
Doc
0
0
Comments
sign in to comment!
No comments posted yet!